 Dungeon Crawl Stone Soup version 0.24.0-37-gcf1ca852f1 (webtiles) character file.

Game seed: 3643817280198378193, levelgen mode: deterministic

34122 grindst0ne the Prestidigitator (level 14, 0/113 HPs)
             Began as a Human Artificer on Dec 5, 2019.
             Was the Champion of Okawaru.
             Slain by a black mamba (11 damage)
             ... on level 5 of the Lair of Beasts.
             The game lasted 00:34:43 (21051 turns).

grindst0ne the Prestidigitator (Human Artificer)   Turns: 21051, Time: 00:34:44

Health: 0/113      AC: 26    Str: 20    XL:     14   Next: 11%
Magic:  31/31      EV: 13    Int: 12    God:    Okawaru [******]
Gold:   849        SH:  5    Dex: 13    Spells: 13/13 levels left

rFire    + . .     SeeInvis .   N - +6 rapier "Dukef" {flame, rF+}
rCold    . . .     Gourm    +   O - +0 buckler {AC+3}
rNeg     . . .     Faith    .   L - +8 ring mail of the Valley of Death {rC- MP+9 Str+2 Slay+5}
rPois    .         Spirit   .   T - +2 hat
rElec    .         Reflect  .   x - +0 cloak
rCorr    .         Harm     .   (no gloves)
MR       +....                  q - +0 pair of boots
Stlth    +.........             n - amulet of the gourmand
HPRegen  0.28/turn              F - +3 ring of protection
MPRegen  0.22/turn              I - ring of protection from cold

@: no status effects
A: no striking features
a: Heroism, Finesse, Renounce Religion


You were on level 5 of the Lair of Beasts.
You worshipped Okawaru.
Okawaru was exalted by your worship.
You were completely stuffed.

You visited 3 branches of the dungeon, and saw 17 of its levels.

You collected 905 gold pieces.
You spent 56 gold pieces at shops.

Inventory:

Hand Weapons
 z - a +0 war axe
 N - the +6 rapier "Dukef" (weapon) {flame, rF+}
   (Okawaru gifted it to you on level 1 of the Lair of Beasts)

   It has been specially enchanted to burn those struck by it, causing extra
   injury to most foes and up to half again as much damage against particularly
   susceptible opponents.
   It protects you from fire.
Missiles
 a - 7 curare-tipped darts
 s - 47 poisoned darts
 J - a throwing net (quivered)
Armour
 d - the +0 ring mail of the Amoeba {rElec rN+}
   (You found it on level 7 of the Dungeon)

   It insulates you from electricity.
   It protects you from negative energy.
 q - a +0 pair of boots (worn)
 x - a +0 cloak (worn)
 L - the +8 ring mail of the Valley of Death (worn) {rC- MP+9 Str+2 Slay+5}
   (You found it on level 8 of the Dungeon)

   It affects your strength (+2).
   It affects your accuracy and damage with ranged weapons and melee attacks
   (+5).
   It makes you vulnerable to cold.
   It affects your magic capacity (+9).
 O - a +0 buckler of protection (worn)
 T - a +2 hat (worn)
Jewellery
 l - an uncursed ring of protection from fire
 n - an amulet of the gourmand (around neck)
 C - an uncursed ring of protection from magic
 F - a +3 ring of protection (left hand)
 G - an uncursed ring of flight
 I - a ring of protection from cold (right hand)
Wands
 c - a wand of flame (19)
 e - a wand of random effects (12)
 k - a wand of acid (9)
 H - a wand of enslavement (1)
 Q - a wand of polymorph (8)
 S - a wand of scattershot (6)
Scrolls
 b - 3 scrolls of enchant weapon
 g - a scroll of brand weapon
 h - 3 scrolls of teleportation
 j - 8 scrolls of remove curse
 r - 3 scrolls of blinking
 u - 2 scrolls of fear
 w - 3 scrolls of enchant armour
 y - 3 scrolls of magic mapping
 E - 2 scrolls of amnesia {unknown}
 R - a scroll of immolation
Potions
 i - 2 potions of agility
 m - 3 potions of might
 p - 2 potions of brilliance
 t - 3 potions of lignification
 v - a potion of invisibility
 A - 2 potions of flight
 D - a potion of curing
 K - 3 potions of mutation
 M - 2 potions of haste
 P - a potion of degeneration {unknown}
Comestibles
 f - 32 rations


   Skills:
 + Level 11.0 Fighting
 - Level 1.0 Short Blades
 + Level 7.0 Axes
 - Level 11.0 Armour
 - Level 5.0 Dodging
 - Level 1.0 Stealth
 * Level 4.3 Shields
 + Level 10.4 Invocations
 + Level 11.4 Evocations


You had 13 spell levels left.
You didn't know any spells.
Your spell library contained the following spells:

 Spells                   Type           Power        Failure   Level  Hunger
 Sandblast                Erth           #.....       45%         1    ##.....
 Passwall                 Tmut/Erth      #.......     58%         2    ###....
 Stone Arrow              Conj/Erth      #.....       83%         3    ####...
 Petrify                  Tmut/Erth      #.......     99%         4    #####..
 Lee's Rapid Deconstruct  Erth           #.........   100%        5    ######.


Dungeon Overview and Level Annotations

Branches:
Dungeon (10/15)            Temple (1/1) D:6            Lair (6/6) D:10
  Swamp (0/4) Lair:4        Snake (0/4) Lair:4
  Slime: Lair:5-6       Orc: D:9-12

Altars:
Ashenzari
Dithmenos
Elyvilon
Gozag
Hepliaklqana
Makhleb
Okawaru
Qazlal
Ru
Sif Muna
Uskayaw
Vehumet
Wu Jian
Xom
Yredelemnul

Shops:
D:4 [   D:5 *   D:8 ?:([!

Annotations:
Lair:5 exclusions: downstairs and oklob plant


Message History

You feel very sick. You block the black mamba's attack.
The black mamba bites you but does no damage. x2
The black mamba bites you!
* * * LOW HITPOINT WARNING * * *
Okay, then.
You feel sick. The black mamba bites you!
* * * LOW HITPOINT WARNING * * *
You are lethally poisoned!
The black mamba poisons you!
You see here a +1 helmet.
You barely miss the black mamba.
* * * LOW HITPOINT WARNING * * *
You feel very sick. The black mamba bites you.
* * * LOW HITPOINT WARNING * * *
The black mamba bites you!
* * * LOW HITPOINT WARNING * * *
You feel better. The black mamba misses you. The black mamba bites you!
You die...

≈≈≈≈≈[.....#............## ##
≈♣≈≈≈...##...#.....#.#.##### ##.
P♣≈≈♣≈♣###.....#..###...#.P####..
.≈♣≈≈≈P............#..>...###....
..♣♣≈....####................#P..
P..≈≈♣.###.......................
.P.....##÷.>.#...#S........#.##..
....P.##.#...##.#S#........##.#..
..P.....###.....@##........###...
....P#.###....#.##....#.....##...
........###...##...........##P...
...#.#..#.##...#P..##..8...P##...
...P....P..#...#..#.........#P...
...........##.....#.....##..###..
.PP....P..#.#.........##.........
..###....#.#.#...8...#####....P#.
.###.#.#..####.......# ##..###.


You could see 2 black mambas.

Vanquished Creatures
  3 hydras
  6 death yaks (Lair:1)
  2 two-headed ogres
  Sonja (Lair:1)
  9 elephants
  3 black mambas
  9 spiny frogs
  5 rime drakes (Lair:4)
  8 komodo dragons
  A troll (D:10)
  Grinder (D:3)
  3 polar bears
  6 blink frogs
  2 bog bodies (Lair:4)
  2 hippogriffs
  A spriggan (D:7)
  34 yaks
  4 basilisks
  Menkaure (D:6)
  3 nagas (Lair:4)
  15 water moccasins
  8 porcupines
  A swamp drake (Lair:3)
  A black bear (D:10)
  4 orc warriors
  2 sky beasts
  4 ogres
  A phantom (D:4)
  A centaur (D:10)
  4 wolves (Lair:5)
  12 crocodiles
  2 big kobolds (D:8)
  11 bullfrogs
  A water moccasin skeleton (D:8)
  A wyvern skeleton (D:10)
  5 scorpions
  5 wights
  2 bullfrog zombies (D:9)
  4 crimson imps
  A centaur zombie (D:9)
  A quasit (D:6)
  6 hounds
  2 jellies
  3 orc priests
  A bullfrog skeleton (D:10)
  3 centaur skeletons
  3 iguanas
  10 orc wizards
  3 worker ants
  A hound zombie (D:5)
  Robin (D:2)
  A worker ant zombie (D:6)
  13 adders
  4 gnolls
  A howler monkey skeleton (D:6)
  A shadow imp (D:9)
  2 oozes (D:1)
  2 adder skeletons
  2 adder zombies
  3 worms
  A dart slug (D:1)
  8 leopard geckos
  37 orcs
  A ball python (D:2)
  6 bats
  4 giant cockroaches
  10 goblins
  9 hobgoblins
  12 jackals
  6 quokkas
  4 frilled lizards
  8 kobolds
  2 quokka zombies
  5 rats
  2 plants
367 creatures vanquished.

Vanquished Creatures (others)
  2 elephants (Lair:5)
  A crocodile (Lair:2)
  18 fungi
  4 plants
25 creatures vanquished.

Grand Total: 392 creatures vanquished

Notes
Turn   | Place    | Note
-------+----------+-------------------------------------------
     0 | D:1      | grindst0ne the Human Artificer began the quest for the Orb.
     0 | D:1      | Reached XP level 1. HP: 15/15 MP: 3/3
   105 | D:1      | Reached XP level 2. HP: 18/21 MP: 4/4
   175 | D:1      | Reached skill level 1 in Armour
   291 | D:1      | Reached XP level 3. HP: 24/27 MP: 5/5
   924 | D:2      | Reached XP level 4. HP: 32/33 MP: 6/6
  1845 | D:2      | Noticed Robin
  1859 | D:2      | Reached XP level 5. HP: 32/39 MP: 7/7
  1872 | D:2      | Killed Robin
  2280 | D:3      | Noticed Grinder
  2288 | D:3      | Killed Grinder
  2288 | D:3      | Reached XP level 6. HP: 39/48 MP: 9/9
  3137 | D:4      | Found Xemusoack's Antique Armour Boutique.
  3282 | D:4      | Found a hide-covered altar of Uskayaw.
  3282 | D:4      | Noticed a +0 dagger
  3283 | D:4      | Noticed a +0 hand axe
  3336 | D:4      | Reached XP level 7. HP: 53/53 MP: 10/10
  3381 | D:4      | Reached skill level 5 in Evocations
  3873 | D:5      | Entered Level 5 of the Dungeon
  4048 | D:5      | Reached XP level 8. HP: 57/61 MP: 12/12
  4251 | D:5      | Found Icuppi's Assorted Antiques.
  4293 | D:5      | Reached skill level 5 in Fighting
  4293 | D:5      | Reached skill level 5 in Armour
  5146 | D:6      | Found a staircase to the Ecumenical Temple.
  5162 | Temple   | Entered the Ecumenical Temple
  5170 | Temple   | Became a worshipper of Warmaster Okawaru
  5202 | D:6      | Noticed Menkaure
  5206 | D:6      | Killed Menkaure
  5206 | D:6      | Reached skill level 1 in Invocations
  5463 | D:6      | Found a hazy altar of Hepliaklqana.
  5662 | D:7      | Got a smoking ring mail
  5673 | D:7      | Identified the cursed +0 ring mail of the Amoeba {rElec
                  | rN+} (You found it on level 7 of the Dungeon)
  5824 | D:7      | Reached * piety under Okawaru
  5824 | D:7      | Reached XP level 9. HP: 48/69 MP: 13/13
  6284 | D:7      | Identified a scroll of acquirement
  6717 | D:8      | Found a shimmering altar of Xom.
  6742 | D:8      | Found a sacrificial altar of Ru.
  6892 | D:8      | Got a faintly humming ring mail
  7090 | D:8      | Identified the +8 ring mail of the Valley of Death {rC-
                  | MP+9 Str+2 Slay+5} (You found it on level 8 of the Dungeon)
  7198 | D:8      | Reached ** piety under Okawaru
  7339 | D:8      | Found Odora's Antique Weapon Shoppe.
  7425 | D:8      | Found Haeviboe's Distillery.
  7481 | D:8      | Found Sidamnet's Antique Armour Boutique.
  7766 | D:8      | Found Deklar's Book Boutique.
  7924 | D:8      | Found Poymal's Magic Scroll Emporium.
  7927 | D:8      | Bought a scroll of identify for 28 gold pieces
  7927 | D:8      | Bought a scroll of identify for 28 gold pieces
  8015 | D:8      | Reached XP level 10. HP: 75/79 MP: 15/15
  8210 | D:9      | Noticed a two-headed ogre
  8215 | D:9      | Killed a two-headed ogre
  8215 | D:9      | Reached *** piety under Okawaru
  8215 | D:9      | Reached skill level 5 in Invocations
  8545 | D:9      | Found a burning altar of Makhleb.
  9160 | D:10     | Entered Level 10 of the Dungeon
  9186 | D:10     | Reached **** piety under Okawaru
  9480 | D:10     | Noticed a two-headed ogre
  9495 | D:10     | Killed a two-headed ogre
  9495 | D:10     | Reached ***** piety under Okawaru
  9495 | D:10     | Reached XP level 11. HP: 54/87 MP: 17/17
  9936 | D:10     | Received a gift from Okawaru
  9945 | D:10     | Found a staircase to the Lair.
 10150 | D:10     | Reached skill level 1 in Axes
 10737 | Lair:1   | Entered Level 1 of the Lair of Beasts
 11409 | Lair:1   | Noticed a death yak
 11409 | Lair:1   | Noticed a death yak
 11409 | Lair:1   | Noticed a death yak
 11410 | Lair:1   | Noticed a death yak
 11410 | Lair:1   | Noticed a death yak
 11410 | Lair:1   | Noticed a death yak
 11453 | Lair:1   | Killed a death yak
 11456 | Lair:1   | Killed a death yak
 11457 | Lair:1   | Killed a death yak
 11458 | Lair:1   | Killed a death yak
 11467 | Lair:1   | Killed a death yak
 11467 | Lair:1   | Received a gift from Okawaru
 11467 | Lair:1   | Reached XP level 12. HP: 26/96 MP: 19/19
 11470 | Lair:1   | Killed a death yak
 11470 | Lair:1   | Reached skill level 10 in Evocations
 11473 | Lair:1   | Got a warped rapier {god gift}
 11474 | Lair:1   | Identified the +6 rapier "Dukef" {flame, rF+} (Okawaru
                  | gifted it to you on level 1 of the Lair of Beasts)
 11503 | Lair:1   | Noticed a seven-headed hydra
 12675 | Lair:1   | Killed a seven-headed hydra
 12805 | Lair:1   | Noticed Sonja
 12812 | Lair:1   | Killed Sonja
 12812 | Lair:1   | Reached ****** piety under Okawaru
 12875 | Lair:1   | Received a gift from Okawaru
 13488 | Lair:2   | Reached skill level 10 in Fighting
 13509 | Lair:2   | Reached skill level 10 in Armour
 13515 | Lair:2   | Reached skill level 5 in Axes
 14741 | Lair:3   | Reached XP level 13. HP: 103/103 MP: 20/20
 15523 | Lair:4   | Received a gift from Okawaru
 16014 | Lair:4   | Received a gift from Okawaru
 16347 | Lair:4   | Found a staircase to the Snake Pit.
 16390 | Lair:4   | Reached skill level 1 in Shields
 16445 | Lair:4   | Reached skill level 5 in Dodging
 16751 | Lair:4   | Found a sacrificial altar of Ru.
 17113 | Lair:4   | Noticed a five-headed hydra
 17117 | Lair:4   | Killed a five-headed hydra
 17117 | Lair:4   | Reached skill level 10 in Invocations
 17221 | Lair:4   | Found a staircase to the Swamp.
 19966 | Lair:5   | You fall into a shaft and drop 1 floor!
 19966 | Lair:6   | Entered Level 6 of the Lair of Beasts
 19974 | Lair:6   | Noticed a seven-headed hydra
 19985 | Lair:6   | Killed a seven-headed hydra
 19985 | Lair:6   | Reached XP level 14. HP: 82/111 MP: 20/22
 20772 | Lair:5   | Received a gift from Okawaru
 21050 | Lair:5   | HP: 1/113 [black mamba (10)]
 21051 | Lair:5   | Slain by a black mamba

Levels and vault maps discovered:
D:1:      dpeg_arrival_arbitrary_b, layout_basic, serial_forest,
          infiniplex_forest_clump_long, infiniplex_forest_straight_4,
          infiniplex_forest_zigzag_1, infiniplex_forest_lined_3,
          infiniplex_forest_straight_4, infiniplex_forest_end_1,
          infiniplex_forest_lined_3, infiniplex_forest_clump_small,
          infiniplex_forest_clump_small
D:2:      layout_loops_corners, first_ration, corexii_hall_statues_s,
          corexii_leaking_fountain, uniq_robin
D:3:      layout_basic, uniq_grinder
D:4:      minmay_bubble_buster, layout_loops_ring, dancing_weapons_uskayaw,
          serial_shops, shop
D:5:      layout_loops_corners, serial_shops, nicolae_shop_overgrown_old_shop,
          st_stairs_14, bh_walls_and_bars
D:6:      layout_rooms, lemuel_crystal_altar, temple_green, uniq_menkaure
D:7:      layout_rooms, the_bakery
D:8:      layout_basic, nicolae_ru_the_path_less_chosen, serial_shops,
          kennysheep_mini, shop, shop, shop, shop, xom_teletrap_fun
D:9:      layout_irregular_city, kennysheep_little_box
D:10:     layout_loops_cross, grunt_lair_entry_orc_guard_hut,
          hangedman_corner_corridor
Temple:   eino_narrow_crystal_temple
Lair:1:   layout_concentric_octagons, serial_bayou_shore_b, uniq_sonja
Lair:2:   layout_roguey, beast_lair_carwin_5
Lair:3:   wander_river, layout_gridlike, minivault_23, hibernation_bobbens,
          grunt_megastairs_3, serial_bayou_shore_b
Lair:4:   layout_regular_city, skrybe_swamp_entry_bodies,
          minmay_snake_entry_guardpost_small, basic_altar,
          minmay_lair_drake_nest
Lair:5:   layout_loops_ring, nicolae_quartered_pool_super, serial_bayou_pond_a,
          grunt_megastairs_4
Lair:6:   minmay_lair_end_enchanted_forest, layout_regular_city, slime_altar_1,
          serial_bayou_pond_b

Skill      XL: |  1  2  3  4  5  6  7  8  9 10 11 12 13 14 |
---------------+-------------------------------------------+-----
Armour         | 1 2 3 4 5 7 8 9 10 11 | 11.0
Fighting       | 2 3 4 5 7 8 9 10 11 | 11.0
Evocations     | 4 5 6 7 8 9 10 11 | 11.4
Invocations    | 1 4 6 8 9 10 | 10.4
Axes           | 3 5 6 7 |  7.0
Dodging        | 3 5 |  5.0
Shields        | 3 4 |  4.3
Short Blades   | |  1.0
Stealth        | |  1.0

Action                   |  1- 3 |  4- 6 |  7- 9 | 10-12 | 13-15 || total
-------------------------+-------+-------+-------+-------+-------++-------
Melee: Dagger            |   159 |   141 |   471 |   350 |       ||  1121
       Rapier            |       |       |       |   176 |   397 ||   573
       Punch             |       |       |       |     1 |       ||     1
Throw: Throwing net      |       |       |     2 |     1 |       ||     3
       Dart              |       |       |     3 |       |       ||     3
Invok: Heroism           |       |       |       |     3 |     2 ||     5
Evoke: Wand              |       |     2 |     2 |    35 |    35 ||    74
  Use: Scroll            |       |     3 |    18 |     2 |     4 ||    27
       Potion            |       |       |     2 |     2 |     5 ||     9
 Stab: Paralysed         |       |     5 |       |       |       ||     5
  Eat: Chunk             |       |     8 |    24 |    21 |    21 ||    74
Armor: Leather armour    |     2 |       |       |       |       ||     2
       Ring mail         |    32 |    48 |    72 |   282 |   276 ||   710
       Chain mail        |       |       |   170 |       |       ||   170
       Skin              |       |       |       |       |    92 ||    92
Dodge: Dodged            |    31 |    71 |   190 |   288 |   289 ||   869
Block: Buckler           |       |       |       |       |    97 ||    97
